 Dungeon Crawl Stone Soup version 0.29.0-13-gc9e81de378 (webtiles) character file.

Game seed: 14555292511536941692

309106 ragingrage the Severer (level 20, -24/179 HPs)
             Began as a Palentonga Fighter on Sept 11, 2022.
             Was a Believer of Uskayaw.
             Killed from afar by a tengu reaver (28 damage)
             ... with a bolt of lightning
             ... on level 1 of the Depths.
             The game lasted 01:08:40 (48665 turns).

ragingrage the Severer (Palentonga Fighter)        Turns: 48665, Time: 01:08:40

Health: -24/179    AC: 26    Str: 24      XL:     20   Next: 70%
Magic:  0/30       EV: 14    Int:  7 (9)  God:    Uskayaw [**....]
Gold:   797        SH: 19    Dex: 22      Spells: 17/19 levels left

rFire   + . .      SeeInvis +   q - +3 broad axe (vamp)
rCold   . . .      Faith    .   m - +0 tower shield
rNeg    . . .      Spirit   +   t - +0 swamp dragon scales "Raukk" {rPois rCorr Str-4 Dex+7}
rPois   +          Reflect  .   E - +1 helmet
rElec   .          Harm     .   j - scarf {repulsion}
rCorr   +          Rampage  .   g - +1 pair of gloves {Dex+3}
Will    +....                   (no barding)
Stlth   +.........              M - amulet of guardian spirit
HPRegen 0.39/turn               D - ring of protection from fire
MPRegen 0.22/turn               J - +4 ring of protection

@: slowed, repel missiles, curled up, very slow
A: large, rugged brown scales 3, see invisible, deformed body, roll 1, armoured
tail, reflexive curl
}: 1/15 runes: gossamer
a: Rolling Charge, Renounce Religion, Stomp, Line Pass


You were on level 1 of the Depths.
You worshipped Uskayaw.
Uskayaw was pleased with you.
You visited 7 branches of the dungeon, and saw 34 of its levels.
You also visited: Sewer.

You collected 3657 gold pieces.
You spent 2860 gold pieces at shops.

Inventory:

Hand Weapons
 a - a +3 broad axe of electrocution
 b - a +3 broad axe of flaming
 q - a +3 vampiric broad axe (weapon)
Missiles
 f - 52 poisoned darts (quivered)
 S - 24 javelins
Armour
 g - a +1 pair of gloves of dexterity (worn)
 j - a scarf of repulsion (worn)
 m - a +0 tower shield (worn)
 t - the +0 swamp dragon scales "Raukk" (worn) {rPois rCorr Str-4 Dex+7}
   (You bought it in a shop on level 6 of the Dungeon)

   Str:       It affects your strength (-4).
   Dex:       It affects your dexterity (+7).
   rPois:     It protects you from poison.
   rCorr:     It protects you from acid and corrosion.
 w - the +0 ring mail of the Vestibule of Hell {*Corrode rC+ Str+10}
   (You bought it in a shop on level 2 of the Orcish Mines)

   Str:       It affects your strength (+10).
   rC:        It protects you from cold.
   *Corrode:  It may corrode you when you take damage.
 E - a +1 helmet (worn)
Jewellery
 k - a +4 ring of evasion
 C - a ring of resist corrosion
 D - a ring of protection from fire (left hand)
 J - a +4 ring of protection (right hand)
 M - an amulet of guardian spirit (around neck)
Wands
 c - a wand of digging (4)
 d - a wand of acid (10)
 I - a wand of iceblast (28)
 R - a wand of flame (40)
 U - a wand of paralysis (13)
 X - a wand of mindburst (4)
Scrolls
 u - 10 scrolls of fear
 v - 5 scrolls of blinking
 y - 4 scrolls of silence
 z - 3 scrolls of amnesia
 A - 12 scrolls of teleportation
 B - 2 scrolls of enchant armour
 H - 6 scrolls of poison
 K - 7 scrolls of vulnerability
 L - 3 scrolls of magic mapping
 N - 2 scrolls of summoning
 P - 5 scrolls of fog
Potions
 e - 10 potions of lignification
 h - 2 potions of berserk rage
 i - a potion of invisibility
 l - 6 potions of curing
 n - 12 potions of haste
 o - 7 potions of mutation
 p - 3 potions of ambrosia
 r - 2 potions of magic
 s - 2 potions of might
 G - 8 potions of cancellation
 O - 2 potions of heal wounds
 Q - 7 potions of flight
 W - 5 potions of attraction
 Z - 6 potions of brilliance
Miscellaneous
 x - a lightning rod (4/4)
 F - a condenser vane
 T - a tin of tremorstones (2/2)
 V - a phial of floods
 Y - a box of beasts


   Skills:
 + Level 17.5 Fighting
 - Level 18.0 Axes
 + Level 5.8 Throwing
 + Level 11.8 Armour
 - Level 10.0 Dodging
 + Level 12.2 Shields
 - Level 5.0 Transmutations
 - Level 14.0 Invocations
 + Level 13.7 Evocations


You had 17 spell levels left.
You knew the following spells:

 Your Spells              Type           Power      Damage    Failure   Level
a - Wereblood             Tmut           7%         N/A       38%         2

Your spell library contained the following spells:

 Spells                   Type           Power      Damage    Failure   Level
 Beastly Appendage        Tmut           14%        N/A       28%         1
 Apportation              Tloc           0%         N/A       91%         1
 Necrotise                Necr           0%         1d4       91%         1
 Summon Small Mammal      Summ           0%         N/A       91%         1
 Spider Form              Tmut/Pois      3%         N/A       93%         3
 Blink                    Tloc           0%         N/A       97%         2
 Poisonous Vapours        Pois/Air       0%         N/A       97%         2
 Static Discharge         Conj/Air       0%         3-3/arc   97%         2
 Call Canine Familiar     Summ           0%         N/A       100%        3
 Confusing Touch          Hex            0%         N/A       100%        3
 Dazzling Flash           Conj/Hex       0%         N/A       100%        3
 Lesser Beckoning         Tloc           0%         N/A       100%        3
 Ozocubu's Armour         Ice            0%         N/A       100%        3
 Portal Projectile        Hex/Tloc       0%         N/A       100%        3
 Summon Guardian Golem    Hex/Summ       0%         N/A       100%        3
 Vampiric Draining        Necr           0%         2d6       100%        3
 Corpse Rot               Necr/Pois/Air  0%         N/A       100%        4
 Iskenderun's Mystic Bla  Conj/Tloc      0%         2d3       100%        4
 Leda's Liquefaction      Hex/Erth       0%         N/A       100%        4
 Agony                    Necr           0%         N/A       100%        5
 Alistair's Intoxication  Tmut/Pois      2%         N/A       100%        5
 Blade Hands              Tmut           3%         N/A       100%        5
 Irradiate                Conj/Tmut      1%         3d12      100%        5
 Iskenderun's Battlesphe  Conj           0%         2d6       100%        5
 Lightning Bolt           Conj/Air       0%         1d11      100%        5
 Manifold Assault         Tloc           0%         N/A       100%        5
 Metabolic Englaciation   Hex/Ice        0%         N/A       100%        5
 Silence                  Hex/Air        0%         N/A       100%        5
 Summon Forest            Summ/Tloc      0%         N/A       100%        5
 Summon Mana Viper        Hex/Summ       0%         N/A       100%        5
 Yara's Violent Unravell  Hex/Tmut       1%         3d3       100%        5
 Iron Shot                Conj/Erth      0%         9d1       100%        6
 Simulacrum               Ice/Necr       0%         N/A       100%        6
 Starburst                Conj/Fire      0%         6d3       100%        6
 Summon Cactus Giant      Summ           0%         N/A       100%        6
 Dragon Form              Tmut           3%         N/A       100%        7
 Enfeeble                 Hex            0%         N/A       100%        7
 Ozocubu's Refrigeration  Ice            0%         4d7       100%        7
 Spellforged Servitor     Conj/Summ      0%         N/A       100%        7
 Storm Form               Tmut/Air       1%         N/A       100%        7
 Maxwell's Capacitive Co  Air            0%         ∞         100%        8


Dungeon Overview and Level Annotations

Branches:
Dungeon (15/15)            Temple (0/1) D:6            Lair (5/5) D:9
  Swamp (3/4) Lair:3       Spider (4/4) Lair:3        Slime (0/5) Lair:4
    Orc (2/2) D:12            Elf (0/3) Orc:2        Vaults (4/5) D:14
  Crypt (0/3) Vaults:3     Depths (1/4) D:15          Sewer (visited)

Altars:
Cheibriados
Dithmenos
Elyvilon
Hepliaklqana
Kikubaaqudgha
Nemelex Xobeh
Sif Muna
Trog
Uskayaw
Vehumet
Wu Jian
Xom
Yredelemnul
Zin
The Shining One
Jiyva

Shops:
D:3 :   D:6 !![   Orc:2 *:([[   Vaults:1 =   Vaults:3 *   Vaults:4 (

Annotations:
D:15 2 transporters, Boahovan's ghost, journeyman DsGl
Lair:4 3 runed translucent doors, Manay's ghost, journeyman DsDe
Swamp:2 2 transporters, runemasterragnar's ghost, adept DrTm
Swamp:3 Nikola
Spider:1 exclusion: downstairs
Vaults:1 3 runed translucent doors, sleeves's ghost, adept KoBr
Depths:1 2 transporters


Innate Abilities, Weirdness & Mutations

You are completely covered in rugged brown scales. (AC +3, +7% HP)
You have supernaturally acute eyesight. (SInv)
Armour fits poorly on your strangely shaped body.
You can roll at nearby foes to attack.
You have a long armoured tail.
You curl defensively after being hit. (AC +7*)


Message History

You slash the sphinx! You tail-slap the sphinx.
You kill the sphinx!
You miss the tengu reaver.
You feel very sick. You block the tengu reaver's attack.
The tengu reaver pecks you but does no damage.
The tengu reaver claws you but does no damage.
You block the tengu reaver's attack. x3
You barely miss the tengu reaver.
Your tail-slap misses the tengu reaver.
The tengu reaver is lightly wounded.
You feel very sick.
The tengu reaver hits you with a +0 long sword of protection!
* * * LOW HITPOINT WARNING * * *
The tengu reaver pecks you.
* * * LOW HITPOINT WARNING * * *
The tengu reaver barely misses you.
You barely miss the tengu reaver.
The tengu reaver is lightly wounded.
You feel sick.
The tengu reaver gestures at you while chanting.
The bolt of negative energy is repelled.
You feel better.
The tengu reaver hits you with a +0 long sword of protection.
* * * LOW HITPOINT WARNING * * *
The tengu reaver closely misses you.
The tengu reaver claws you but does no damage.
You block the tengu reaver's attack. The tengu reaver pecks you.
* * * LOW HITPOINT WARNING * * *
You block the tengu reaver's attack.
You hit the tengu reaver.
The tengu reaver is lightly wounded.
The tengu reaver points at you and mumbles some strange words.
The bolt of cold hits you!!
* * * LOW HITPOINT WARNING * * *
You slash the tengu reaver!
You tail-slap the tengu reaver, but do no damage.
The tengu reaver is lightly wounded.
The tengu reaver casts a spell at you. The bolt of lightning hits you!!
You die...

.# *,,,,,,,,,,,* .#
*,,,,......,***** .##
**,,,.....#,*,,,* ..#
****.....#**,,,* ..#
###.....##,,,,** ..### #####
#.........,,,,,* #...# #...#
#.........,,,,,* #..##
##...###.........,*,,,*
....####......#.@.......******
.................Q......,*
........................,*
...............#........,*
...............#........,*
...............#........,*
.............###........,*
.....≈.......#*##.......,*
....§≈§....###*,,.......,*


You could see a tengu reaver.

Vanquished Creatures
  Frederick (Vaults:3)
  Margery (Vaults:2)
  Rupert (D:12)
  Mlioglotl (Swamp:2)
  Asterion (Spider:4)
  2 sphinxes
  Agnes (D:15)
  A fire giant (D:15)
  4 emperor scorpions (Spider:4)
  4 orc warlords
  16 vault wardens
  A balrug (D:15)
  4 ghost moths
  3 broodmothers (Spider:4)
  21 ironbound preservers
  3 very ugly things (Depths:1)
  A stone giant (D:15)
  12 ironbound thunderhulks
  2 eleionomae
  Azrael (Orc:2)
  5 spark wasps
  4 entropy weavers
  An eidolon (Vaults:3)
  5 dire elephants
  2 bunyips
  A crystal guardian (Vaults:3)
  The ghost of howech the Protected, a journeyman MeWn of Ashenzari (Lair:2)
  2 fire dragons
  Josephine (Orc:1)
  6 great orbs of eyes
  8 yaktaur captains
  16 vault guards
  An ice dragon (Spider:4)
  A hell beast (D:15)
  6 hydras
  7 boulder beetles
  Erolcha (D:11)
  2 peacekeepers
  A ghost crab (Swamp:1)
  2 ogre magi
  2 jorogumos
  A catoblepas (Lair:5)
  12 ironbound frosthearts
  6 alligators
  A radroach (Spider:3)
  9 centaur warriors
  A deep troll shaman (Lair:5)
  9 two-headed ogres
  2 deep troll earth magi
  Urug (Orc:2)
  5 death yaks
  3 tengu warriors
  3 orc high priests (Orc:2)
  A titan zombie (Vaults:3)
  A soul eater (Depths:1)
  Sonja (Lair:5)
  5 hell knights
  7 skeletal warriors
  3 goliath frogs (Swamp:1)
  An iron troll (Depths:1)
  3 sun moths
  6 pharaoh ants
  3 spriggan druids
  7 steelbarb worms
  2 glowing orange brains
  61 deep trolls
  A sea snake (shapeshifter) (Vaults:4)
  2 bog bodies
  2 swamp dragons
  8 orb spiders
  A flayed ghost (Vaults:3)
  10 wizards
  5 lindwurms
  A phantasmal warrior (Vaults:3)
  4 harpies (Vaults:1)
  21 ironbound convokers
  A shadow dragon zombie (Vaults:3)
  5 necromancers
  23 wolf spiders
  6 orc knights
  4 orc sorcerers
  31 ugly things
  2 tengu skeletons
  3 will-o-the-wisps
  3 manticores
  5 moths of wrath
  A salamander (D:15)
  A fire giant skeleton (Vaults:2)
  3 cyclopes
  13 elephants
  3 black mambas (Lair:5)
  3 torpor snails
  Maurice (D:12)
  4 cane toads
  16 vault sentinels
  2 elf skeletons
  An unseen horror (D:11)
  4 demonic crawlers
  A rime drake (shapeshifter) (D:13)
  6 komodo dragons
  3 kobold demonologists (D:14)
  A rime drake (Lair:3)
  2 freezing wraiths
  28 yaktaurs
  3 tengu conjurers
  2 ice devils (D:12)
  A meliai (Lair:4)
  3 polar bears
  3 trolls
  4 tyrant leeches
  8 hornets
  36 slime creatures
  19 tarantellas
  A slime creature (shapeshifter) (D:15)
  8 blink frogs
  An ettin zombie (Vaults:2)
  3 centaur simulacra
  29 jumping spiders
  6 wraiths
  15 yaks
  8 spriggans
  19 culicivoras
  A wyvern (Lair:2)
  5 fire elementals (Orc:2)
  Eustachio (D:6)
  9 humans
  4 basilisks
  26 redbacks
  6 vampire mosquitoes
  The ghost of Shadowmage952 the Insei, an amateur MeTm (D:3)
  3 steam dragons
  4 acid dragons
  4 swamp worms
  9 wargs
  Duvessa (D:6)
  12 water moccasins
  4 ice beasts
  3 swamp drakes
  Pargi (Sewer)
  35 orc warriors
  3 human zombies
  3 sky beasts
  12 ogres
  4 black bears
  16 wolves
  9 boggarts
  10 centaurs
  4 kobold brigands
  A phantom (D:5)
  5 bullfrogs
  3 scorpions
  A necrophage (D:5)
  3 gnoll sergeants
  2 human skeletons
  9 wights
  Dowan (D:6)
  8 killer bees
  5 howler monkeys
  5 electric eels
  Crazy Yiuf (D:6)
  4 hounds
  18 orc priests
  2 gnoll boudas
  5 jellies
  3 iguanas
  Natasha (D:2)
  27 orc wizards
  A statue (D:15)
  A boggart simulacrum (D:12)
  4 adders
  27 gnolls
  7 white imps
  6 ufetubi
  A worm (D:2)
  A dart slug (D:3)
  67 orcs
  2 ball pythons
  A bat zombie (D:3)
  12 endoplasms
  4 giant cockroaches
  5 goblins
  5 hobgoblins (D:1)
  2 jackals (D:4)
  18 kobolds
  7 quokkas
  4 bats
  3 frilled lizards
  5 rats
  3 rat zombies (D:3)
  2 butterflies (D:6)
  2 starspawn tentacles (Swamp:2)
1194 creatures vanquished.

Vanquished Creatures (collateral kills)
  Jory (Vaults:3)
  A hydra (Lair:5)
  A two-headed ogre (D:12)
  A cane toad (Lair:5)
  A komodo dragon (Lair:5)
  A vampire mosquito (D:13)
6 creatures vanquished.

Vanquished Creatures (others)
  A sphinx (Vaults:4)
  A radroach (Spider:2)
  A deep troll (Vaults:4)
  A bloated husk (Swamp:2)
  10 foxfires
  17 fungi
  37 plants
  3 starspawn tentacles (Swamp:2)
71 creatures vanquished.

Grand Total: 1271 creatures vanquished

Notes
Turn   | Place    | Note
-------+----------+-------------------------------------------
     0 | D:1      | ragingrage the Palentonga Fighter began the quest for the
                  | Orb.
     0 | D:1      | Reached XP level 1. HP: 19/19 MP: 1/1
   173 | D:1      | Reached XP level 2. HP: 25/25 MP: 2/2
   319 | D:1      | Reached skill level 3 in Axes
   586 | D:1      | Found a faded altar of an unknown god.
   729 | D:2      | Reached XP level 3. HP: 24/31 MP: 3/3
   868 | D:2      | Noticed Natasha
   873 | D:2      | Killed Natasha
   874 | D:2      | Reached skill level 4 in Axes
  1133 | D:2      | Reached XP level 4. HP: 36/37 MP: 4/4
  1607 | D:3      | Found the +18 Lear's hauberk
  1918 | D:3      | Found an ancient bone altar of Kikubaaqudgha.
  1955 | D:3      | Found Siwnaw's Book Shop.
  1960 | D:3      | Reached skill level 5 in Axes
  2059 | D:3      | Found a transporter.
  2076 | D:3      | Noticed Shadowmage952's ghost (amateur MeTm)
  2087 | D:3      | Found a transporter.
  2172 | D:4      | Reached XP level 5. HP: 35/43 MP: 5/5
  2265 | D:4      | Found a shimmering blue altar of Sif Muna.
  2432 | D:4      | Found a hazy altar of Hepliaklqana.
  2433 | D:4      | Found a shimmering altar of Xom.
  2434 | D:4      | Noticed a spectral ugly thing
  2757 | D:5      | Entered Level 5 of the Dungeon
  2772 | D:5      | Reached skill level 6 in Axes
  2802 | D:5      | Reached XP level 6. HP: 42/50 MP: 6/6
  2811 | D:5      | Found a glowing drain.
  2829 | Sewer    | Entered a sewer
  2952 | Sewer    | Noticed Pargi
  2960 | Sewer    | Killed Pargi
  2961 | Sewer    | Reached skill level 7 in Axes
  3088 | D:5      | Noticed an ice beast
  3219 | D:5      | Gained mutation: You curl defensively after being hit. (AC
                  | +7*) [Palentonga growth]
  3219 | D:5      | Reached XP level 7. HP: 55/55 MP: 7/7
  3244 | D:6      | Reached skill level 8 in Axes
  3685 | D:5      | Found a sparkling altar of Nemelex Xobeh.
  3777 | D:5      | Reached skill level 9 in Axes
  3976 | D:6      | Reached XP level 8. HP: 40/62 MP: 8/8
  4023 | D:6      | Reached skill level 10 in Axes
  4127 | D:6      | You fall into a shaft and drop 3 floors!
  4167 | D:10     | Entered Level 10 of the Dungeon
  4172 | D:10     | Found a hide-covered altar of Uskayaw.
  4178 | D:10     | Became a worshipper of Uskayaw the Reveller
  4252 | D:10     | Reached * piety under Uskayaw
  4256 | D:10     | Reached ** piety under Uskayaw
  4331 | D:9      | Reached *** piety under Uskayaw
  4384 | D:9      | Noticed a hornet
  4394 | D:9      | Killed a hornet
  4395 | D:9      | Reached skill level 11 in Axes
  4398 | D:9      | Reached **** piety under Uskayaw
  4432 | D:9      | Reached skill level 12 in Axes
  4432 | D:9      | Reached XP level 9. HP: 10/67 MP: 2/9
  5290 | D:6      | Found Huin's Distillery.
  5293 | D:6      | Bought a potion of haste for 130 gold pieces
  5293 | D:6      | Bought a potion of mutation for 104 gold pieces
  5293 | D:6      | Bought a potion of might for 52 gold pieces
  5314 | D:6      | Found a staircase to the Ecumenical Temple.
  5335 | D:6      | Found Ecsokowuo's Armour Boutique.
  5363 | D:6      | Reached skill level 13 in Axes
  5415 | D:6      | Noticed Dowan
  5878 | D:6      | Noticed Eustachio
  5893 | D:6      | Killed Eustachio
  5933 | D:6      | Noticed Duvessa
  6114 | D:7      | Reached skill level 14 in Axes
  6187 | D:7      | Reached XP level 10. HP: 18/74 MP: 10/10
  6539 | D:7      | Found a snail-covered altar of Cheibriados.
  7319 | D:8      | Reached skill level 15 in Axes
  7704 | D:8      | Found a shadowy altar of Dithmenos.
  7822 | D:9      | Found a basalt altar of Yredelemnul.
  7978 | D:9      | Found a staircase to the Lair.
  8101 | D:9      | Found a glowing silver altar of Zin.
  8101 | D:9      | Found a white marble altar of Elyvilon.
  8101 | D:9      | Found a glowing golden altar of the Shining One.
  8559 | D:10     | Noticed a two-headed ogre
  8569 | D:10     | Killed a two-headed ogre
  8977 | D:10     | Noticed an ogre mage
  8986 | D:10     | Killed an ogre mage
  8987 | D:10     | Reached skill level 16 in Axes
  8987 | D:10     | Reached skill level 1 in Invocations
  9169 | D:11     | Reached skill level 1 in Evocations
  9179 | D:11     | Noticed Erolcha
  9192 | D:11     | Noticed a two-headed ogre
  9207 | D:11     | Killed a two-headed ogre
  9208 | D:11     | Reached skill level 1 in Dodging
  9414 | D:11     | Reached XP level 11. HP: 71/82 MP: 12/12
  9425 | D:11     | Reached ***** piety under Uskayaw
  9441 | D:11     | Reached ****** piety under Uskayaw
  9606 | D:11     | Killed Erolcha
  9661 | D:11     | Reached skill level 5 in Fighting
  9749 | D:11     | Noticed a boulder beetle
  9781 | D:11     | Killed a boulder beetle
 10097 | D:11     | Noticed a two-headed ogre
 10121 | D:11     | Killed a two-headed ogre
 10548 | Lair:1   | Entered Level 1 of the Lair of Beasts
 11583 | Lair:2   | Found an ornate altar of the Wu Jian Council.
 11583 | Lair:2   | Noticed a boulder beetle
 11588 | Lair:2   | Found a hide-covered altar of Uskayaw.
 11606 | Lair:2   | Killed a boulder beetle
 11624 | Lair:2   | Identified a scroll of acquirement
 11624 | Lair:2   | Acquired a manual of Fighting
 11792 | Lair:2   | Noticed a four-headed hydra
 11803 | Lair:2   | Killed a four-headed hydra
 11804 | Lair:2   | Reached XP level 12. HP: 83/95 MP: 15/15
 11899 | Lair:2   | Found a runed translucent door.
 11900 | Lair:2   | Noticed howech's ghost (journeyman MeWn)
 11901 | Lair:2   | Identified the +4 trident "Qoatsikuno" {protect, Str+3}
 11996 | Lair:2   | Identified the +4 whip "Loumaeq" {elec, rElec rCorr Dex+4}
 12106 | Lair:2   | Reached skill level 5 in Shields
 12676 | Lair:3   | You fall into a shaft and drop 1 floor!
 12731 | Lair:4   | Reached skill level 5 in Invocations
 13027 | Lair:3   | Found a staircase to the Swamp.
 13192 | Lair:3   | Found a hole to the Spider Nest.
 13235 | Lair:3   | Reached skill level 5 in Armour
 13770 | Lair:4   | Found a staircase to the Slime Pits.
 13954 | Lair:4   | Reached skill level 10 in Fighting
 14115 | Lair:4   | Reached skill level 5 in Evocations
 14180 | Lair:4   | Found a runed translucent gate.
 14180 | Lair:4   | Found a runed translucent gate.
 14180 | Lair:4   | Found a runed translucent gate.
 14181 | Lair:4   | Noticed an acid blob
 14181 | Lair:4   | Noticed an azure jelly
 14182 | Lair:4   | Noticed an acid blob
 14182 | Lair:4   | Noticed an azure jelly
 14182 | Lair:4   | Noticed an azure jelly
 14183 | Lair:4   | Noticed an azure jelly
 14183 | Lair:4   | Noticed Manay's ghost (journeyman DsDe)
 14183 | Lair:4   | Noticed a quicksilver ooze
 14183 | Lair:4   | Noticed an acid blob
 14184 | Lair:4   | Noticed an azure jelly
 14255 | Lair:4   | Found a viscous altar of Jiyva.
 14268 | Lair:5   | Entered Level 5 of the Lair of Beasts
 14288 | Lair:5   | Noticed a seven-headed hydra
 14308 | Lair:5   | Killed a seven-headed hydra
 14420 | Lair:5   | Noticed Sonja
 14425 | Lair:5   | Killed Sonja
 14611 | Lair:5   | Reached XP level 13. HP: 71/113 MP: 9/17
 14699 | Lair:5   | Reached skill level 5 in Dodging
 16019 | D:12     | Noticed Rupert
 16038 | D:12     | Killed Rupert
 16528 | D:12     | Noticed Maurice
 16530 | D:12     | Killed Maurice
 16565 | D:12     | Found a staircase to the Orcish Mines.
 16969 | D:13     | HP: 2/120 [enormous slime creature (37)]
 17344 | D:13     | Reached XP level 14. HP: 129/129 MP: 20/20
 17403 | D:13     | Found a glowing golden altar of the Shining One.
 17767 | Orc:1    | Entered Level 1 of the Orcish Mines
 17784 | Orc:1    | Noticed an orc warlord
 17846 | D:12     | Killed an orc warlord
 17932 | Orc:1    | Reached skill level 15 in Fighting
 18105 | Orc:1    | Noticed Josephine
 18118 | Orc:1    | Killed Josephine
 18349 | Orc:2    | Entered Level 2 of the Orcish Mines
 18581 | Orc:2    | Found a staircase to the Elven Halls.
 18807 | Orc:2    | Noticed Azrael
 18818 | Orc:2    | Killed Azrael
 19023 | Orc:2    | Noticed an orc warlord
 19035 | Orc:2    | Killed an orc warlord
 19144 | Orc:2    | Noticed Urug
 19167 | Orc:2    | Killed Urug
 19168 | Orc:2    | Found Diogauv's Antique Armour Shoppe.
 19184 | Orc:2    | Found Piakhlegu's Antique Weapon Shoppe.
 19277 | Orc:2    | Bought a pair of glowing gloves for 247 gold pieces
 19288 | Orc:2    | Bought a dazzling ring mail for 297 gold pieces
 19288 | Orc:2    | Identified the +0 ring mail of the Vestibule of Hell
                  | {*Corrode rC+ Str+10} (You bought it in a shop on level 2
                  | of the Orcish Mines)
 19290 | Orc:2    | Bought a translucent leather armour for 231 gold pieces
 19290 | Orc:2    | Identified the +2 leather armour "Duism" {rN++ Int+3 Dex-4
                  | SInv} (You bought it in a shop on level 2 of the Orcish
                  | Mines)
 19333 | Orc:2    | Found Caschouw's Antique Armour Shop.
 19401 | Orc:2    | Bought a runed hat for 189 gold pieces
 19474 | Orc:2    | Found Faah's General Store.
 19490 | Orc:2    | Found Keacean's Book Shoppe.
 19873 | Swamp:1  | Entered Level 1 of the Swamp
 20343 | Swamp:1  | Reached skill level 17 in Axes
 21261 | D:14     | Reached XP level 15. HP: 105/138 MP: 16/22
 21894 | D:14     | Reached skill level 18 in Axes
 21903 | D:14     | Found a gate to the Vaults.
 22256 | D:15     | Entered Level 15 of the Dungeon
 22323 | D:15     | Noticed Agnes
 22328 | D:15     | Killed Agnes
 22413 | D:15     | Found a radiant altar of Vehumet.
 22681 | D:15     | Identified the +1 great mace "Iqatuhai" {flame, Str+4}
 22681 | D:15     | Noticed a fire giant
 22681 | D:15     | Noticed Boahovan's ghost (journeyman DsGl)
 22683 | D:15     | Reached skill level 10 in Invocations
 22700 | D:15     | Found a transporter.
 22713 | D:15     | Found a transporter.
 22988 | D:15     | Found a staircase to the Depths.
 23913 | D:3      | Killed Shadowmage952's ghost
 23992 | D:6      | Killed Duvessa
 23999 | D:6      | Killed Dowan
 24028 | D:6      | Found a runed translucent door.
 24029 | D:6      | Noticed Crazy Yiuf
 24135 | D:6      | Found Ubockah's Distillery.
 24145 | D:6      | Bought a potion of haste for 130 gold pieces
 24145 | D:6      | Bought a potion of berserk rage for 65 gold pieces
 24145 | D:6      | Bought a potion of curing for 39 gold pieces
 24210 | D:6      | Killed Crazy Yiuf
 24488 | Lair:2   | Killed howech's ghost
 24507 | Lair:2   | Identified the +3 ring mail of the Foremost Blessings
                  | {Will+ Str+3}
 25394 | D:6      | Bought the +0 swamp dragon scales "Raukk" {rPois rCorr
                  | Str-4 Dex+7} for 757 gold pieces
 25572 | Spider:1 | Entered Level 1 of the Spider Nest
 27174 | Spider:1 | Reached XP level 16. HP: 124/146 MP: 22/24
 27176 | Spider:1 | Reached XP level 17. HP: 130/153 MP: 22/25
 28592 | Spider:2 | Identified the +1 leather armour of the Carved God {MP+9}
 31194 | Spider:4 | Entered Level 4 of the Spider Nest
 31368 | Spider:4 | Noticed Asterion
 31494 | Spider:4 | Killed Asterion
 34279 | Spider:4 | Got a gossamer rune of Zot
 34721 | Swamp:2  | Noticed runemasterragnar's ghost (adept DrTm)
 34723 | Swamp:2  | Found a transporter.
 34730 | Swamp:2  | Found a bloodstained altar of Trog.
 34731 | Swamp:2  | Found a transporter.
 35511 | Swamp:2  | Reached XP level 18. HP: 161/161 MP: 27/27
 35588 | Swamp:2  | Reached skill level 10 in Dodging
 35608 | Swamp:2  | Reached skill level 10 in Armour
 35864 | Swamp:2  | Noticed Mlioglotl
 36009 | Swamp:2  | Noticed a bone dragon
 36480 | Swamp:2  | Killed Mlioglotl
 36854 | Swamp:3  | Noticed Nikola
 37050 | Vaults:1 | Entered Level 1 of the Vaults
 37529 | Vaults:1 | Found Gis Taick's Jewellery Boutique.
 37548 | Vaults:1 | Reached skill level 10 in Evocations
 37646 | Vaults:1 | Reached skill level 10 in Shields
 37789 | Vaults:1 | Found a runed translucent gate.
 37789 | Vaults:1 | Found a runed translucent gate.
 37789 | Vaults:1 | Found a runed translucent gate.
 37790 | Vaults:1 | Noticed sleeves's ghost (adept KoBr)
 38569 | Vaults:1 | Found a huge runed gate.
 38569 | Vaults:1 | Found a huge runed gate.
 38569 | Vaults:1 | Found a huge runed gate.
 38570 | Vaults:1 | Found a huge runed gate.
 38570 | Vaults:1 | Found a huge runed gate.
 38570 | Vaults:1 | Found a huge runed gate.
 38571 | Vaults:1 | Found a huge runed gate.
 38571 | Vaults:1 | Found a huge runed gate.
 38571 | Vaults:1 | Found a huge runed gate.
 38572 | Vaults:1 | Found a huge runed gate.
 38578 | Vaults:1 | Found a huge runed gate.
 38578 | Vaults:1 | Found a huge runed gate.
 38578 | Vaults:1 | Found a huge runed gate.
 38578 | Vaults:1 | Found a huge runed gate.
 38578 | Vaults:1 | Found a huge runed gate.
 38578 | Vaults:1 | Found a huge runed gate.
 38579 | Vaults:1 | Found a huge runed gate.
 38619 | Vaults:1 | Found a huge runed gate.
 38620 | Vaults:1 | Found a huge runed gate.
 38625 | Vaults:1 | Found a huge runed gate.
 38625 | Vaults:1 | Found a huge runed gate.
 38625 | Vaults:1 | Found a huge runed gate.
 38625 | Vaults:1 | Found a huge runed gate.
 38625 | Vaults:1 | Found a huge runed gate.
 38625 | Vaults:1 | Found a huge runed gate.
 38626 | Vaults:1 | Found a huge runed gate.
 38627 | Vaults:1 | Found a huge runed gate.
 38628 | Vaults:1 | Found a huge runed gate.
 38636 | Vaults:1 | Found a huge runed gate.
 38636 | Vaults:1 | Found a huge runed gate.
 38636 | Vaults:1 | Found a huge runed gate.
 38636 | Vaults:1 | Found a huge runed gate.
 38636 | Vaults:1 | Found a huge runed gate.
 38636 | Vaults:1 | Found a huge runed gate.
 38637 | Vaults:1 | Found a huge runed gate.
 38638 | Vaults:1 | Found a huge runed gate.
 39292 | Vaults:1 | Reached skill level 1 in Throwing
 39635 | D:3      | Bought a book of Changes for 234 gold pieces
 39638 | D:3      | Learned a level 2 spell: Wereblood
 40019 | Vaults:2 | Reached skill level 1 in Transmutations
 40203 | Vaults:2 | Identified the +4 short sword "Worm's Wrath" {distort,
                  | rPois Will- Int+4 SInv}
 40370 | Vaults:2 | Reached XP level 19. HP: 163/167 MP: 21/28
 41397 | Vaults:3 | Noticed Margery
 41412 | Vaults:2 | Killed Margery
 41743 | Vaults:2 | Reached skill level 5 in Transmutations
 41928 | Vaults:3 | Noticed Jory
 41933 | Vaults:3 | Noticed Frederick
 41946 | Vaults:3 | Killed Frederick
 42609 | Vaults:3 | Found Oradghy's General Store.
 42617 | Vaults:3 | Bought a potion of haste for 220 gold pieces
 42617 | Vaults:3 | Bought a scroll of blinking for 165 gold pieces
 43128 | Vaults:3 | Killed Jory
 43838 | Vaults:3 | Found a staircase to the Crypt.
 44259 | Vaults:4 | Identified the +1 great sword of Tender Mercy {venom, rPois
                  | rF- rC+}
 44286 | Vaults:4 | Reached XP level 20. HP: 17/178 MP: 2/30
 44288 | Vaults:4 | Found Sigopt's Antique Weapon Boutique.
 45514 | Vaults:4 | Reached skill level 5 in Throwing
 47125 | Depths:1 | Entered Level 1 of the Depths
 48458 | Depths:1 | Found a transporter.
 48605 | Depths:1 | Found a transporter.
 48646 | Depths:1 | Paralysed by a sphinx for 4 turns
 48654 | Depths:1 | Paralysed by a sphinx for 5 turns
 48664 | Depths:1 | HP: 4/179 [tengu reaver/bolt of cold (25)]
 48665 | Depths:1 | Killed from afar by a tengu reaver

Illustrated notes

Levels and vault maps discovered:
D:1:      zelgadis_glass_arrival_small, layout_rooms,
          shapermc_ecumenical_altar_mp_urbaneastern, grunt_decor_arrowhead
D:2:      layout_basic, uniq_natasha
D:3:      layout_loops_cross, lemuel_zombie_altar_kikubaaqudgha,
          gammafunk_ghost_arena, serial_shops, shop
D:4:      layout_basic, regret_index_temple_of_mockery,
          mainiacjoe_overflow_six_doors_small
D:5:      layout_basic, mainiacjoe_overflow_cross_hatched, portal_sewer_entry_f
D:6:      layout_rooms, minmay_temple_entry_butterflies, serial_shops,
          nicolae_lakefront_shop, nicolae_stop_n_shop_2, kennysheep_mini,
          dreamdust_wishing_well, uniq_duvessa, uniq_eustachio,
          uniq_crazy_yiuf_cottage
D:7:      layout_gridville, nicolae_overflow_hidden_temple, uniq_menkaure
D:8:      layout_basic, mainiacjoe_overflow_alcove_2, chequers_jeans,
          corexii_mini_fake_secret_closet
D:9:      layout_basic, dreamdust_divine_triumvirate,
          nicolae_overflow_crystal_walls, erik_lair_orcish_takeover
D:10:     layout_cave_pools, nicolae_uskayaw_murder_on_the_dancefloor,
          minmay_librarian
D:11:     layout_cave_pods, fungi_pond_lemuel, minivault_1, uniq_erolcha
D:12:     layout_roguey, orc_0_dummy, serial_ice, serial_ice_d, serial_ice_e,
          serial_ice_j, serial_ice_a, serial_ice_m, serial_ice_g, serial_ice_b,
          serial_ice_n, serial_ice_h, serial_ice_f,
          portal_ice_cave_demonic_guard, uniq_maurice, uniq_rupert
D:13:     layout_rooms, tso_oasis_becter
D:14:     layout_cave_pods, ximxim_vaults_locker_room
D:15:     hangedman_depths_entry_try_elsewhere_first, layout_long_grid,
          gammafunk_ghost_smash, chequers_serial_rivers_micro_a, special_room
          [special_room_orc], vehumet_statue, uniq_agnes
Lair:1:   layout_cave_pods, infiniplex_staircase_pool
Lair:2:   layout_regular_city, ebering_ghost_funeral_grove,
          nzn_masters_of_martial_movement
Lair:3:   layout_loops_ring, swamp_mist, hellmonk_spider_entry_not_the_bees,
          chequers_serial_rivers_micro_b, lemuel_fruit_tree
Lair:4:   layout_regular_city, nicolae_slime_entry_slimehenge,
          gammafunk_ghost_ooze, st_stairs_11
Lair:5:   grunt_lair_end_beastmaster, layout_loops_ring, uniq_sonja
Swamp:1:  layout_basic_swamp, evilmike_swamp_ruin_house_3
Swamp:2:  layout_basic_swamp, gammafunk_ghost_wrathful_warriors,
          nicolae_swamp_fairy_circle, uniq_mlioglotl
Swamp:3:  layout_basic_swamp, nicolae_swamp_triple_paths, swamp_pool1,
          nicolae_swamp_godswood, nicolae_swamp_necromancer_hut, uniq_kirke,
          uniq_nikola
Spider:1: layout_cave_pods
Spider:2: layout_spider_delve
Spider:3: layout_spider_delve, nicolae_spider_bzzzt
Spider:4: guppyfry_spider_rune, uniq_asterion
Orc:1:    layout_caves, basic_altar, uniq_josephine
Orc:2:    grunt_orc_cross, layout_diamond_mine, serial_shops,
          nicolae_shop_stone, uniq_azrael
Vaults:1: gammafunk_ghost_spectres, nicolae_vaults_network_square, v_rooms_5,
          ontoclasm_vaults_eye, hangedman_vaults_restitches,
          ontoclasm_vaults_ring_square, door_vault, grunt_vaults_diagonal,
          vaults_dpeg_ring, v_misc_1, grunt_vaults_swirl,
          ontoclasm_vaults_tryst, serial_ice_g, layout_vaults_ring,
          serial_shops, nicolae_shop_competitors_out_of_business
Vaults:2: vaults_room_hallway, hangedman_vaults_trim, grunt_vaults_focal,
          ontoclasm_vaults_shuriken, nicolae_vaults_network_star,
          nicolae_vaults_what_the_h, hangedman_vaults_unwind, v_misc_1,
          grunt_vaults_hallway_long, v_rooms_1, ontoclasm_vaults_pinch,
          layout_vaults_omnicross
Vaults:3: nicolae_vaults_specimen_jars, nicolae_vaults_alarming, v_misc_24,
          nicolae_vaults_twisting_passages, nicolae_vaults_disjoint_gnomons,
          v_misc_11, v_misc_16, v_rooms_6, v_misc_31,
          minmay_crypt_entry_simple_corners, v_misc_23,
          layout_vaults_maze_snakey, serial_shops, nicolae_shop_trees,
          uniq_margery, uniq_frederick, uniq_jory
Vaults:4: v_pattern_3, nicolae_vaults_network_quinsquares
          [nicolae_vaults_network_quincunx_subvault,
          nicolae_vaults_network_quincunx_subvault,
          nicolae_vaults_network_quincunx_subvault,
          nicolae_vaults_network_quincunx_subvault], v_alt_pattern_6, v_misc_15,
          nicolae_vaults_shelves_hall, nicolae_vaults_network_periphery,
          nicolae_vaults_border_crossing, vaults_standard_mumra_x,
          layout_vaults_quadrants, serial_shops, shop
Depths:1: layout_forbidden_donut, enter_ziggurat_b, grunt_mini_vestibule,
          serial_shops, shop, mu_enter_wizlab_1, nicolae_diode_stairs

Skill      XL: |  1  2  3  4  5  6  7  8  9 10 11 12 13 14 15 16 17 18 19 20 |
---------------+-------------------------------------------------------------+-----
Axes           | 3 4 5 6 7 9 12 14 16 17 18 | 18.0
Invocations    | 1 4 6 8 9 10 11 12 13 14 | 14.0
Shields        | 3 4 5 7 9 10 11 12 | 12.2
Evocations     | 1 3 5 7 9 12 13 | 13.7
Fighting       | 4 6 11 14 15 16 17 | 17.5
Dodging        | 1 3 4 6 7 8 9 10 | 10.0
Armour         | 4 5 7 8 9 10 11 | 11.8
Throwing       | 2 4 5 |  5.8
Transmutations | 3 5 |  5.0

Action                   |  1- 3 |  4- 6 |  7- 9 | 10-12 | 13-15 | 16-18 | 19-21 || total
-------------------------+-------+-------+-------+-------+-------+-------+-------++-------
Melee: War axe           |    66 |    32 |   101 |   110 |       |       |       ||   309
       Tailslap          |     7 |    12 |    36 |   108 |   250 |   230 |   279 ||   922
       Spear             |       |   103 |   197 |   101 |       |       |       ||   401
       Hand axe          |       |       |       |   485 |   731 |     6 |       ||  1222
       Flail             |       |       |       |    12 |    20 |       |       ||    32
       Broad axe         |       |       |       |       |   507 |  1007 |  1040 ||  2554
Throw: Dart              |       |       |     1 |    10 |    13 |    24 |     2 ||    50
       Throwing net      |       |       |       |     3 |     2 |       |       ||     5
Invok: Stomp             |       |       |     2 |     2 |     4 |     1 |     2 ||    11
       Line Pass         |       |       |       |       |       |     1 |     2 ||     3
 Abil: Rolling Charge    |    12 |     5 |    15 |    35 |    80 |    76 |    60 ||   283
       Evoke Invisibilit |       |       |       |       |       |     1 |       ||     1
Evoke: Lightning rod     |       |       |     3 |       |     3 |       |       ||     6
       Box of beasts     |       |       |       |     1 |     4 |     2 |     2 ||     9
       Phial of floods   |       |       |       |     1 |     3 |       |     2 ||     6
       Wand              |       |       |       |     1 |     1 |    21 |       ||    23
       Tin of tremorston |       |       |       |       |     3 |       |       ||     3
       Condenser vane    |       |       |       |       |       |     2 |     1 ||     3
  Use: Scroll            |       |       |     8 |    15 |     8 |     2 |     6 ||    39
       Potion            |       |       |    10 |       |     7 |     6 |     4 ||    27
 Stab: Paralysed         |       |       |    16 |    65 |   206 |   169 |   166 ||   622
       Held in net/web   |       |       |       |     1 |     1 |       |       ||     2
       Invisible         |       |       |       |       |     4 |     3 |       ||     7
       Confused          |       |       |       |       |       |       |     1 ||     1
Armor: Scale mail        |    36 |    28 |       |       |       |       |       ||    64
       Troll leather arm |       |     9 |    62 |   195 |   283 |       |       ||   549
       Skin              |       |       |    38 |       |     3 |       |       ||    41
       Swamp dragon scal |       |       |       |       |    78 |   283 |   307 ||   668
       Ring mail         |       |       |       |       |     1 |       |       ||     1
Dodge: Dodged            |    15 |    76 |   173 |   290 |   613 |   622 |   455 ||  2244
       Repelled          |       |       |       |       |    10 |       |     9 ||    19
Block: Buckler           |     6 |    21 |    52 |    95 |   226 |   374 |   244 ||  1018
       Tower shield      |       |       |       |       |       |       |   173 ||   173
